 Dungeon Crawl Stone Soup version 0.20-a0-9-g62d82d9 (console) character file.

681 lynn the Shield-Bearer (level 7, -8/58 HPs)
             Began as a Formicid Fighter on Nov 1, 2016.
             Mangled by Ijustatesigmund's ghost (10 damage)
             ... on level 5 of the Dungeon.
             The game lasted 00:01:37 (3692 turns).

lynn the Shield-Bearer (Formicid Fighter)           Turns: 3692, Time: 00:01:38

Health: -8/58      AC:  6    Str: 21    XL:     7   Next: 92%
Magic:  7/7        EV:  8    Int:  7    God:
Gold:   218        SH: 10    Dex: 12    Spells: 0 memorised, 6 levels left

rFire  . . .     SeeInvis +     a - +0 war axe
rCold  . . .     Gourm    .     b - +0 scale mail
rNeg   . . .     Faith    .     c - +0 shield
rPois  .         Spirit   .     (helmet unavailable)
rElec  .         Reflect  .     (no cloak)
rCorr  .         Harm     .     (no gloves)
MR     .....                    (no boots)
Stlth  ..........               (no amulet)
                                (no ring)
                                (no ring)

@: lethally poisoned (-8 -> -10)
A: permanent stasis, dig shafts and tunnels, four strong arms, antennae 3
a: Dig, Shaft Self


You were on level 5 of the Dungeon.
You were not hungry.

You visited 1 branch of the dungeon, and saw 5 of its levels.

You collected 218 gold pieces.

Inventory:

Hand Weapons
 a - a +0 war axe (weapon)
Armour
 b - a +0 scale mail (worn)
 c - a +0 shield (worn)
Scrolls
 e - 7 scrolls of identify {unknown}
 h - 6 scrolls of remove curse {unknown}
 i - 2 scrolls of magic mapping {unknown}
 m - a scroll of enchant armour {unknown}
 n - a scroll of enchant weapon {unknown}
 q - a scroll of fog {unknown}
 r - 2 scrolls of fear {unknown}
 t - a scroll of random uselessness {unknown}
 u - a scroll of recharging {unknown}
Potions
 d - 2 potions of might
 l - 2 potions of agility
 o - a potion of magic {unknown}
 s - a potion of lignification {unknown}
Comestibles
 f - 3 bread rations
 g - 3 meat rations
 k - 3 beef jerkies
 p - 4 fruits
 v - 7 chunks of flesh
 w - a slice of pizza


   Skills:
 + Level 6.1 Fighting
 + Level 5.0 Axes
 - Level 3.2 Armour
 + Level 6.5 Shields


You had 6 spell levels left.
You didn't know any spells.

Dungeon Overview and Level Annotations

Branches:
Dungeon (5/15)
 Temple: D:4-7

Altars:
Elyvilon
Kikubaaqudgha
Makhleb
Uskayaw
Xom
Zin
The Shining One

Annotations:
D:5 Ijustatesigmund's ghost, novice MiMo


Innate Abilities, Weirdness & Mutations

You are under a permanent stasis effect.
You can dig through walls and to a lower floor.
Your four strong arms can wield two-handed weapons with a shield.
You have a pair of large antennae on your head. (SInv)


Message History

Ijustatesigmund's ghost is lightly damaged.
You hit the worker ant.
You feel sick.
The worker ant bites you but does no damage.
Ijustatesigmund's ghost hits you!
Unknown command.
You hit the worker ant.
The worker ant is almost dead.
Your shield and scale mail prevent you from hitting Ijustatesigmund's ghost.
The worker ant waves its antennae.
You block the worker ant's attack.
Ijustatesigmund's ghost screams, "You will join me soon!"
Ijustatesigmund's ghost hits you!
* * * LOW HITPOINT WARNING * * *
The worker ant bites you.
* * * LOW HITPOINT WARNING * * *
It was a potion of berserk rage.
You cannot go berserk while under stasis.
* * * LOW HITPOINT WARNING * * *
You feel sick. Ijustatesigmund's ghost hits you!
You die...

#......# +...?..#
#......# #......#
#.....#
#.....####
########.<.......
.........?.......
......W@a......>.
......##.....##..
..... #.....# #
#### #......#
.......# .......#
#.....## ######


You could see a worker ant and Ijustatesigmund's ghost.

Vanquished Creatures
  A scorpion (D:4)
  2 vampire bats (D:3)
  2 howler monkeys
  An orc wizard (D:3)
  3 orc priests (D:3)
  2 hounds (D:4)
  An iguana (D:4)
  A worker ant (D:4)
  A hound skeleton (D:4)
  4 gnolls
  11 adders
  2 worms
  An adder skeleton (D:4)
  A leopard gecko (D:1)
  7 orcs (D:3)
  7 bats
  A bat skeleton (D:3)
  3 bat zombies (D:3)
  6 giant cockroaches
  7 goblins
  5 hobgoblins
  15 jackals
  11 kobolds
  A quokka (D:3)
  A ball python (D:1)
  8 frilled lizards
  5 rats
110 creatures vanquished.

Notes
Turn   | Place    | Note
-------+----------+-------------------------------------------
     0 | D:1      | lynn the Formicid Fighter began the quest for the Orb.
     0 | D:1      | Reached XP level 1. HP: 18/18 MP: 1/1
    71 | D:1      | Reached XP level 2. HP: 22/24 MP: 2/2
   228 | D:1      | Reached XP level 3. HP: 28/29 MP: 3/3
   653 | D:2      | Reached XP level 4. HP: 17/37 MP: 4/4
   729 | D:2      | HP: 1/37 [poisoned by an adder]
  1287 | D:2      | Reached XP level 5. HP: 27/43 MP: 5/5
  1714 | D:3      | Reached skill level 5 in Shields
  1931 | D:3      | Reached XP level 6. HP: 23/50 MP: 6/6
  2169 | D:3      | Reached skill level 5 in Fighting
  2249 | D:3      | Found a glowing golden altar of the Shining One.
  2341 | D:3      | Found a burning altar of Makhleb.
  2518 | D:3      | Found an ancient bone altar of Kikubaaqudgha.
  2520 | D:3      | Reached XP level 7. HP: 56/56 MP: 7/7
  2946 | D:4      | Found a white marble altar of Elyvilon.
  2988 | D:4      | Found a shimmering altar of Xom.
  2990 | D:4      | Noticed an angel
  2994 | D:4      | Found a glowing silver altar of Zin.
  3005 | D:4      | Reached skill level 5 in Axes
  3460 | D:4      | Found a hide-covered altar of Uskayaw.
  3681 | D:5      | Entered Level 5 of the Dungeon
  3681 | D:5      | Noticed Ijustatesigmund's ghost (novice MiMo)
  3692 | D:5      | HP: 2/58 [poisoned by a worker ant]
  3692 | D:5      | Mangled by Ijustatesigmund's ghost

Vault maps used:
D:1:      lightli_iron_boxes, st_stairs_14, minmay_misc_feat_ornament
D:2:      st_stairs_9
D:3:      old_standard_altar, kennysheep_vampire_church,
          nicolae_overflow_hidden_temple, serial_glass, glass_columns_a,
          glass_columns_a
D:4:      grunt_temple_overflow_order_and_chaos_1, kennysheep_little_box,
          first_bread, elyvilon_altar_3
D:5:      nicolae_overflow_crystal_walls, chequers_temple_overflow_minitemple,
          st_stairs_7

Skill      XL: |  1  2  3  4  5  6  7 |
---------------+----------------------+-----
Shields        | 4 5 6 |  6.5
Fighting       | 4 5 6 |  6.1
Axes           | 3 4 5 |  5.0
Armour         | |  3.2

Action                   |  1- 3 |  4- 6 |  7- 9 || total
-------------------------+-------+-------+-------++-------
Melee: War axe           |   102 |   184 |    99 ||   385
  Use: Potion            |       |     3 |     1 ||     4
  Eat: Chunk             |       |     6 |     4 ||    10
Armor: Scale mail        |    61 |    73 |    33 ||   167
Dodge: Dodged            |    49 |    86 |    40 ||   175
Block: Shield            |    76 |   134 |    63 ||   273

Vault maps used:
D:1:      lightli_iron_boxes, st_stairs_14, minmay_misc_feat_ornament
D:2:      st_stairs_9
D:3:      old_standard_altar, kennysheep_vampire_church,
          nicolae_overflow_hidden_temple, serial_glass, glass_columns_a,
          glass_columns_a
D:4:      grunt_temple_overflow_order_and_chaos_1, kennysheep_little_box,
          first_bread, elyvilon_altar_3
D:5:      nicolae_overflow_crystal_walls, chequers_temple_overflow_minitemple,
          st_stairs_7
